 Dungeon Crawl Stone Soup version 0.22.0 (webtiles) character file.

2818 IcyTea the Carver (level 9, -4/75 HPs)
             Began as a Red Draconian Chaos Knight on Aug 12, 2018.
             Was a Priest of Nemelex Xobeh.
             Slain by an eight-headed hydra (10 damage)
             ... on level 8 of the Dungeon.
             The game lasted 00:40:42 (8454 turns).

IcyTea the Carver (Red Draconian Chaos Knight)      Turns: 8454, Time: 00:40:44

Health: -4/75      AC:  8    Str: 15    XL:     9   Next: 44%
Magic:  15/15      EV: 12    Int: 15    God:    Nemelex Xobeh [***...]
Gold:   484        SH:  0    Dex:  9    Spells: 10/17 levels left

rFire    + . .     SeeInvis +   l - +1 dagger (flame)
rCold    + . .     Gourm    .   (no shield)
rNeg     . . .     Faith    .   (armour unavailable)
rPois    .         Spirit   .   (helmet restricted)
rElec    .         Reflect  .   p - +0 cloak
rCorr    .         Harm     .   (no gloves)
MR       .....                  (no boots)
Stlth    +.........             i - amulet of regeneration
HPRegen  0.62/turn              j - ring of see invisible
MPRegen  0.14/turn              c - ring of protection from cold

@: no status effects
A: breathe fire, unfitting armour, blurry vision 1, clumsy 1, fire resistance 1,
cold-blooded, AC +7
a: Breathe Fire, Triple Draw, Renounce Religion


You were on level 8 of the Dungeon.
You worshipped Nemelex Xobeh.
Nemelex Xobeh was most pleased with you.
You were not hungry.

You visited 3 branches of the dungeon, and saw 10 of its levels.

You collected 484 gold pieces.

Inventory:

Hand Weapons
 a - a +1 falchion of chaos
 l - a +1 dagger of flaming (weapon)
 o - a +0 dagger of holy wrath
 E - a +0 scimitar
Missiles
 k - 2 tomahawks (quivered)
Armour
 p - a +0 cloak (worn)
Jewellery
 c - a ring of protection from cold (right hand)
 i - an amulet of regeneration (around neck)
 j - a ring of see invisible (left hand)
Wands
 f - a wand of random effects (36)
 v - a wand of paralysis (17)
 D - a wand of digging (17)
Scrolls
 d - 7 scrolls of teleportation
 e - 13 scrolls of identify
 g - 3 scrolls of amnesia
 m - a scroll of fear
 q - a scroll of enchant weapon
 r - a scroll of immolation
 u - 2 scrolls of remove curse
 z - a scroll of random uselessness {unknown}
Potions
 h - 4 potions of lignification
 s - 2 potions of resistance
 B - a potion of experience {unknown}
 C - a potion of invisibility {unknown}
 F - a potion of might
Miscellaneous
 n - a plain deck of destruction {drawn: 1}
 t - a legendary deck of summoning
 y - a plain deck of destruction
 A - a plain deck of summoning
Comestibles
 b - 20 rations
 w - 4 chunks of flesh


   Skills:
 - Level 6.0 Fighting
 - Level 10.0 Long Blades
 - Level 2.1 Dodging
 - Level 4.6 Spellcasting
 - Level 3.0 Charms
 + Level 4.0 Necromancy


You had 10 spell levels left.
You knew the following spells:

 Your Spells              Type           Power        Failure   Level  Hunger
a - Animate Skeleton      Necr           N/A          3%          1    None
b - Regeneration          Chrm/Necr      ##........   12%         3    ###....
c - Stone Arrow           Conj/Erth      #.....       45%         3    ###....

Your spell library contained the following spells:

 Spells                   Type           Power        Failure   Level  Hunger
 Animate Dead             Necr           N/A          32%         4    ####...
 Pain                     Necr           ###.         3%          1    None
 Vampiric Draining        Necr           ###.......   10%         3    ###....
 Passwall                 Tmut/Erth      #.......     26%         2    ##.....
 Lee's Rapid Deconstruct  Erth           #.........   99%         5    ######.
 Sandblast                Erth           #.....       17%         1    None
 Petrify                  Tmut/Erth      #.......     86%         4    ####...


Dungeon Overview and Level Annotations

Branches:
Dungeon (8/15)             Temple (1/1) D:4            Lair (1/6) D:8

Altars:
Ashenzari
Cheibriados
Dithmenos
Fedhas
Gozag
Hepliaklqana
Kikubaaqudgha
Makhleb
Nemelex Xobeh
Okawaru
Qazlal
Ru
Sif Muna
Trog
Uskayaw
Vehumet
Wu Jian
Xom
Yredelemnul
Zin
The Shining One

Shops:
D:7 }   D:8 (


Innate Abilities, Weirdness & Mutations

You can breathe blasts of fire.
Your fiery red scales are hard. (AC +7)
You cannot fit into any form of body armour.
Your flesh is heat resistant. (rF+)
You are cold-blooded and may be slowed by cold attacks.
Scrolls take you a little longer to read.
You are clumsy. (Dex -2)


Message History

You don't have any such object.
Evoke which item? (* to show all) (? for menu, Esc to quit)
You draw a card...
It is Pain.
You have drawn Pain.
Press: ? - help, Shift-Dir - straight line, f - eight-headed hydra
Aim: an eight-headed hydra (lightly wounded)
The eight-headed hydra resists with some effort.
The eight-headed hydra bites you!
The eight-headed hydra closely misses you.
The eight-headed hydra bites you!
* * * LOW HITPOINT WARNING * * *
The eight-headed hydra misses you. The eight-headed hydra bites you.
* * * LOW HITPOINT WARNING * * *
The eight-headed hydra bites you.
* * * LOW HITPOINT WARNING * * *
The eight-headed hydra closely misses you.
The eight-headed hydra bites you!
You die...
Xom bursts into laughter!
Your body glows with a rainbow of weird colours and disappears. ########### ##PPPPPPPPP## ##PPPPPPP..PP#

##...PP...>%PP#
#....PP....PPP#
#......PP...PP#
#.#..@DZ.P.P.P#
#.##...P.....##
#
##.####.....###
# #..# ##..###
. ##.## #.## .
#..# #.# . #.##
#.#
..########.#
..#
.........).##


You could see an eight-headed hydra and a friendly spiny frog skeleton.

Vanquished Creatures
  A hornet (D:7)
  A water moccasin (Lair:1)
  2 orc warriors (D:7)
  A phantom (D:4)
  An ogre (D:8)
  2 centaurs
  2 bullfrogs
  2 scorpions
  2 howler monkeys (D:8)
  A crimson imp (D:8)
  2 centaur zombies
  A bullfrog zombie (D:7)
  2 hounds
  A jelly (D:8)
  A centaur skeleton (D:5)
  4 orc priests
  An iron imp (D:5)
  4 iguanas
  11 orc wizards
  7 worker ants
  3 hound skeletons
  Robin (D:3)
  2 worker ant zombies
  7 adders
  2 shadow imps
  An ooze (D:6)
  3 leopard geckos
  44 orcs
  5 bats
  10 giant cockroaches
  15 goblins
  13 hobgoblins
  7 jackals
  A quokka (D:8)
  2 ball pythons
  6 frilled lizards
  2 hobgoblin zombies (D:5)
  6 kobolds
  2 kobold skeletons (D:5)
  A kobold zombie (D:5)
  An orc skeleton (D:5)
  2 orc zombies (D:5)
  8 rats
193 creatures vanquished.

Vanquished Creatures (collateral kills)
  A spiny frog (D:8)
  A komodo dragon (D:8)
  An ogre (D:4)
  A jelly (D:8)
  A hound skeleton (D:8)
  An adder (D:4)
6 creatures vanquished.

Vanquished Creatures (others)
  8 plants (D:8)
8 creatures vanquished.

Grand Total: 207 creatures vanquished

Notes
Turn   | Place    | Note
-------+----------+-------------------------------------------
     0 | D:1      | IcyTea the Draconian Chaos Knight began the quest for the Orb.
     0 | D:1      | Reached XP level 1. HP: 19/19 MP: 1/1
   112 | D:1      | Reached XP level 2. HP: 23/26 MP: 2/2
   338 | D:1      | Reached skill level 4 in Long Blades
   444 | D:1      | Reached XP level 3. HP: 16/31 MP: 3/3
   454 | D:1      | XOM: divination: magic mapping
   562 | D:1      | XOM: harmless Erth miscast
   614 | D:1      | XOM: scenery: create altars
   698 | D:1      | XOM: harmless Summ miscast
   785 | D:1      | XOM: cloud trail
  1308 | D:2      | XOM: noise
  1848 | D:3      | Reached skill level 5 in Long Blades
  1848 | D:3      | Reached XP level 4. HP: 32/38 MP: 4/4
  2308 | D:3      | Found a sparkling altar of Nemelex Xobeh.
  2308 | D:3      | Noticed Robin
  2328 | D:3      | Killed Robin
  2539 | D:3      | Fell from the grace of Xom
  2539 | D:3      | Became a worshipper of Nemelex Xobeh the Trickster
  2555 | D:3      | Noticed a centaur
  2559 | D:3      | HP: 1/38 [centaur (4)]
  2564 | D:3      | Killed a centaur
  2564 | D:3      | Reached skill level 6 in Long Blades
  2564 | D:3      | Reached XP level 5. HP: 16/45 MP: 5/5
  2900 | D:3      | XOM: medium Summ miscast
  2901 | D:3      | Noticed a ynoxinul
  3615 | D:3      | Reached XP level 6. HP: 45/51 MP: 6/6
  3647 | D:4      | Reached skill level 7 in Long Blades
  3878 | D:4      | Received a gift from Nemelex Xobeh
  3878 | D:4      | XOM: 4-stop teleportation journey
  4082 | D:4      | Reached skill level 8 in Long Blades
  4082 | D:4      | Your scales start taking on a fiery red colour.
  4082 | D:4      | Reached XP level 7. HP: 21/57 MP: 7/7
  4082 | D:4      | Gained mutation: Your flesh is heat resistant. (rF+) [Red Draconian growth]
  4283 | D:4      | Reached * piety under Nemelex Xobeh
  4415 | D:4      | Received a gift from Nemelex Xobeh
  4727 | D:4      | Found a staircase to the Ecumenical Temple.
  4733 | Temple   | Entered the Ecumenical Temple
  4814 | D:4      | XOM: god gift: dented jade amulet {god gift}
  4902 | D:4      | Received a gift from Nemelex Xobeh
  4987 | D:4      | XOM: mild Tmut miscast
  5101 | D:5      | Entered Level 5 of the Dungeon
  5161 | D:5      | Reached skill level 9 in Long Blades
  5351 | D:5      | Reached ** piety under Nemelex Xobeh
  5468 | D:5      | Found a glowing golden altar of the Shining One.
  5567 | D:5      | Received a gift from Nemelex Xobeh
  5729 | D:5      | Reached XP level 8. HP: 46/63 MP: 8/8
  5898 | D:6      | Reached skill level 10 in Long Blades
  6328 | D:6      | Found a shimmering altar of Xom.
  6408 | D:6      | Learned a level 1 spell: Animate Skeleton
  6412 | D:6      | Learned a level 3 spell: Regeneration
  6424 | D:6      | Found a shadowy altar of Dithmenos.
  6489 | D:6      | Reached skill level 1 in Necromancy
  6489 | D:6      | XOM: give mutations
  6489 | D:6      | Gained mutation: You are clumsy. (Dex -2) [Xom's mischief]
  6489 | D:6      | Lost mutation: You are clumsy. (Dex -2) [Xom's mischief]
  6489 | D:6      | Gained mutation: You are clumsy. (Dex -2) [Xom's mischief]
  6489 | D:6      | Gained mutation: Scrolls take you a little longer to read. [Xom's mischief]
  6583 | D:6      | Found an ancient bone altar of Kikubaaqudgha.
  6586 | D:6      | Found a radiant altar of Vehumet.
  6593 | D:6      | Found a stormy altar of Qazlal.
  6593 | D:6      | Found a bloodstained altar of Trog.
  6709 | D:7      | Learned a level 3 spell: Stone Arrow
  6753 | D:7      | Reached skill level 1 in Spellcasting
  6820 | D:7      | Found Qichegakh's Gadget Shop.
  7058 | D:7      | Reached *** piety under Nemelex Xobeh
  7329 | D:7      | Noticed a hornet
  7345 | D:7      | Killed a hornet
  7360 | D:7      | Reached skill level 1 in Charms
  7777 | D:8      | Found Tenekyel's Antique Weapon Emporium.
  7803 | D:8      | Received a gift from Nemelex Xobeh
  7819 | D:8      | Reached XP level 9. HP: 63/72 MP: 12/12
  7834 | D:8      | Reached skill level 5 in Fighting
  7998 | D:8      | HP: 3/74 [orc warrior/short sword (8)]
  8261 | D:8      | XOM: mild Tloc miscast
  8291 | D:8      | Noticed a komodo dragon
  8310 | D:8      | Killed a komodo dragon
  8337 | D:8      | Found a staircase to the Lair.
  8357 | Lair:1   | Entered Level 1 of the Lair of Beasts
  8369 | Lair:1   | XOM: noise
  8383 | Lair:1   | Noticed a spiny frog
  8387 | Lair:1   | Noticed an eight-headed hydra
  8396 | D:8      | Killed a spiny frog
  8454 | D:8      | Slain by an eight-headed hydra

Skill      XL: |  1  2  3  4  5  6  7  8  9 |
---------------+----------------------------+-----
Long Blades    | 4 5 6 8 9 10 | 10.0
Fighting       | 4 6 |  6.0
Necromancy     | 4 |  4.0
Spellcasting   | 2 4 |  4.6
Charms         | 3 |  3.0
Dodging        | |  2.1

Action                   |  1- 3 |  4- 6 |  7- 9 || total
-------------------------+-------+-------+-------++-------
Melee: Falchion          |   131 |   160 |   454 ||   745
       Tailslap          |    10 |    16 |    54 ||    80
       Dagger            |       |     3 |     2 ||     5
Throw: Stone             |     9 |       |       ||     9
 Cast: Animate Skeleton  |       |       |    16 ||    16
       Regeneration      |       |       |     6 ||     6
Evoke: Deck              |       |     1 |     7 ||     8
  Use: Potion            |     1 |     7 |     6 ||    14
       Scroll            |       |     3 |     8 ||    11
 Stab: Petrifying        |     1 |       |     1 ||     2
       Confused          |       |     2 |     2 ||     4
       Paralysed         |       |     1 |       ||     1
       Sleeping          |       |     1 |       ||     1
       Petrified         |       |       |     3 ||     3
  Eat: Chunk             |     2 |     8 |    16 ||    26
Armor: Skin              |    39 |   153 |   129 ||   321
Dodge: Dodged            |    93 |   114 |   278 ||   485
       Rpst.: Falchion   |    31 |    25 |    89 ||   145
